 Dungeon Crawl Stone Soup version 0.19.4-9-g45fd643 (webtiles) character file.

23 PeterDongson the Slasher (level 2, -1/28 HPs)
             Began as a Deep Dwarf Berserker on Feb 19, 2017.
             Was a Follower of Trog.
             Killed from afar by tryingrandom's ghost (11 damage)
             ... with a magic dart
             ... on level 3 of the Dungeon.
             The game lasted 00:07:37 (317 turns).

PeterDongson the Slasher (Deep Dwarf Berserker)      Turns: 317, Time: 00:07:38

Health: -1/28      AC:  6    Str: 20    XL:     2   Next: 75%
Magic:  2/2        EV: 11    Int:  7    God:    Trog [*.....]
Gold:   46         SH:  0    Dex: 12    Spells: 0 memorised, 1 level left

rFire  . . .     SeeInvis .     a - +0 falchion
rCold  . . .     Gourm    .     n - +0 ring mail
rNeg   . . .     Faith    .     (no shield)
rPois  .         Spirit   .     (no helmet)
rElec  .         Reflect  .     f - +0 cloak
rCorr  .         Harm     .     (no gloves)
MR     .....                    (no boots)
Stlth  +.........               (no amulet)
                                (no ring)
                                (no ring)

@: non-regenerating
A: damage resistance, recharge devices, sense surroundings 1, slow regeneration
3
a: Device Recharging, Berserk, Burn Spellbooks, Renounce Religion


You were on level 3 of the Dungeon.
You worshipped Trog.
Trog was aware of your devotion.
You were full.

You visited 1 branch of the dungeon, and saw 3 of its levels.

You collected 46 gold pieces.

Inventory:

Hand Weapons
 a - a +0 falchion (weapon)
 d - a +0 dagger
 g - a +0 dagger
 h - a +0 dagger
 i - a +0 club {lol}
 j - a +0 dagger
 l - a +0 club
Armour
 b - a +0 animal skin
 f - a +0 cloak (worn)
 n - a +0 ring mail (worn)
Wands
 c - a wand of heal wounds (4/9)
Scrolls
 k - 2 scrolls of teleportation
Potions
 e - 2 potions of curing {unknown}


   Skills:
 + Level 3.0 Fighting
 * Level 3.8 Long Blades
 + Level 2.1 Armour
 + Level 2.1 Dodging


You had one spell level left.
You didn't know any spells.

Dungeon Overview and Level Annotations

Branches:
Dungeon (2/15)

Altars:

Annotations:
D:3 tryingrandom's ghost, amateur DECj


Innate Abilities, Weirdness & Mutations

You are resistant to damage.
You can recharge devices by infusing magical energy.
You passively map a small area around you.
You do not regenerate.


Message History

You see here a scroll labeled UFOCKE EKLUT.
A giant cockroach comes into view.
Tryingrandom's ghost gestures at you while chanting.
The magic dart hits you!
You see here a scroll labeled UFOCKE EKLUT.
Tryingrandom's ghost hits you.
You hit tryingrandom's ghost.
Tryingrandom's ghost is lightly damaged.
Tryingrandom's ghost hits you.
You barely miss tryingrandom's ghost.
Tryingrandom's ghost is lightly damaged.
Tryingrandom's ghost hits you but does no damage.
The dart slug closely misses you.
You riposte.
You hit the dart slug.
The dart slug is severely wounded.
Your ring mail prevents you from hitting tryingrandom's ghost.
Tryingrandom's ghost is lightly damaged.
You are no longer poisoned.
Tryingrandom's ghost points at you and mumbles some strange words.
The magic dart hits you!
You die...

, , , * #.#......(.....#
, #........>.....#
#.............[# ,
..............#
....#....... ..
#..s..... , #...#.wW!.#*
,* ** #......@).# *
#...#.#?..# ,.# ,. ,#
##..# *#.# #........
#.*#..# #.# ..
#.......,%). ##.## #.#
#..#......#...####..#
#.#
#.#......#...##....###.#
#............##.##...#.#
#.........<...(#......#


You could see tryingrandom's ghost, a dart slug and a giant cockroach.

Vanquished Creatures
  An adder (D:3)
  An ooze (D:3)
  A giant cockroach (D:3)
  2 goblins
  4 kobolds
  A bat (D:2)
  A rat (D:3)
11 creatures vanquished.

Notes
Turn   | Place    | Note
-------+----------+-------------------------------------------
     0 | D:1      | PeterDongson the Deep Dwarf Berserker began the quest for the Orb.
     0 | D:1      | Reached XP level 1. HP: 20/20 MP: 1/1
   238 | D:2      | You fall through a shaft!
   255 | D:3      | Reached XP level 2. HP: 23/28 MP: 2/2
   307 | D:3      | Noticed tryingrandom's ghost (amateur DECj)
   317 | D:3      | Killed from afar by tryingrandom's ghost

Skill      XL: |  1 |
---------------+----+-----
Fighting       | 3 |  3.0
Long Blades    | |  3.8
Armour         | |  2.1
Dodging        | |  2.1

Action                   || total
-------------------------++-------
Melee: Falchion          ||    29
Invok: Berserk           ||     1
Evoke: Wand              ||     1
  Use: Scroll            ||     1
       Potion            ||     1
  Eat: Bread ration      ||     1
Armor: Ring mail         ||    10
       Animal skin       ||     4
Dodge: Dodged            ||    19
       Rpst.: Falchion   ||    11
